 Dungeon Crawl Stone Soup version 0.27.1-34-g3ba077fa99 (webtiles) character file.

Game seed: 13852765668168399326

3759 styxcanada the Covert (level 9, -6/44 HPs)
             Began as a Spriggan Brigand on Jan 24, 2022.
             Was an Initiate of Gozag.
             Hit by a large rock thrown by a cyclops (49 damage)
             ... on level 8 of the Dungeon.
             The game lasted 00:40:49 (9111 turns).

styxcanada the Covert (Spriggan Brigand)            Turns: 9111, Time: 00:40:50

Health: -6/44      AC:  2    Str:  7    XL:     9   Next: 94%
Magic:  18/18      EV: 24    Int: 18    God:    Gozag
Gold:   930        SH:  0    Dex: 26    Spells: 13/19 levels left

rFire    + . .     SeeInvis +   f - +3 short sword (speed)
rCold    + . .     Faith    .   (shield restricted)
rNeg     . . .     Spirit   .   b - +0 robe
rPois    .         Reflect  .   (helmet restricted)
rElec    .         Harm     .   p - scarf {rC+ rF+}
rCorr    .         Rampage  .   (gloves unavailable)
Will     +....                  (boots unavailable)
Stlth    ++........             (no amulet)
HPRegen  0.14/turn              t - +6 ring of intelligence
MPRegen  0.16/turn              j - +6 ring of dexterity

@: confused, gold aura, very quick
A: very small, no large weapons, unfitting armour, see invisible, speed 3
a: Renounce Religion, Potion Petition, Call Merchant, Bribe Branch


You were on level 8 of the Dungeon.
You worshipped Gozag.
Gozag was pleased with you.
You visited 1 branch of the dungeon, and saw 8 of its levels.
You also visited: Ossuary.

You collected 1050 gold pieces.
You spent 13 gold pieces at shops.
You paid 107 gold pieces to Gozag.

Inventory:

Hand Weapons
 a - a +2 dagger
 f - a +3 short sword of speed (weapon)
 s - a +0 hunting sling
Missiles
 d - 69 poisoned darts (quivered)
 e - 3 curare-tipped darts
 g - 49 sling bullets
 h - 224 stones
 m - a throwing net
 n - 4 boomerangs
Armour
 b - a +0 robe (worn)
 c - a +0 cloak
 p - a scarf of resistance (worn)
Jewellery
 i - a ring of protection from fire
 j - a +6 ring of dexterity (right hand)
 t - a +6 ring of intelligence (left hand)
 u - a ring of flight
Wands
 o - a wand of paralysis (8)
 v - a wand of polymorph (19)
Scrolls
 k - a scroll of magic mapping
 y - a scroll of fear
 B - 2 scrolls of immolation
 C - 3 scrolls of amnesia {unknown}
 F - 2 scrolls of fog {unknown}
 H - a scroll of teleportation
 I - 2 scrolls of enchant weapon
Potions
 l - 3 potions of lignification
 q - a potion of haste
 r - a potion of berserk rage
 w - 4 potions of mutation
 x - 2 potions of brilliance
 z - 2 potions of invisibility
 A - a potion of flight {unknown}
 D - 5 potions of curing
 E - a potion of heal wounds
 G - a potion of resistance {unknown}
 J - a potion of attraction {unknown}


   Skills:
 + Level 3.5 Fighting
 + Level 6.4 Short Blades
 + Level 1.2(4.0) Slings
 + Level 5.0 Throwing
 * Level 6.7 Dodging
 * Level 12.4 Stealth
 * Level 5.8 Spellcasting
 * Level 4.7 Hexes
 * Level 4.2 Evocations


You had 13 spell levels left.
You knew the following spells:

 Your Spells              Type           Power      Damage    Failure   Level
a - Invisibility          Hex            11%        N/A       95%         6

Your spell library contained the following spells:

 Spells                   Type           Power      Damage    Failure   Level
 Passwall                 Tmut/Erth      4%         N/A       19%         2
 Gell's Gravitas          Tloc           2%         N/A       36%         3
 Lesser Beckoning         Tloc           2%         N/A       36%         3
 Swiftness                Air            5%         N/A       36%         3
 Teleport Other           Tloc           5%         N/A       36%         3


Dungeon Overview and Level Annotations

Branches:
Dungeon (8/15)            Ossuary (visited)
 Temple: D:4-7         Lair: D:8-11

Altars:
Dithmenos
Elyvilon
Fedhas
Gozag

Shops:
D:4 !   D:6 [

Annotations:
D:4 cbfl8's ghost, weakling MiDe
D:8 Erica


Innate Abilities, Weirdness & Mutations

You are very small and have problems with some larger weapons.
You are too small for most types of armour.
You have supernaturally acute eyesight. (SInv)
You cover ground extremely quickly. (Speed+++)


Message History

d - 64 poisoned darts (gained 2)
Things that are here:
a +0 dagger; a +0 robe
d - 65 poisoned darts (gained 1)
Things that are here:
a +0 dagger; a +0 robe
Found a book of Transfigurations.
d - 69 poisoned darts (gained 4)
A troll comes into view.
Found 12 gold pieces.
A cyclops comes into view.
An orc comes into view. It is wielding a +0 dagger.
You see here 2 poisoned darts.
Found a glowing plate armour.
The helpless troll fails to defend itself.
You stick the troll like a pincushion!!!
You kill the troll!
Your Throwing skill increases to level 5!
You now have 918 gold pieces (gained 14).
The cyclops shouts!
You hear a shout!
You see here 2 poisoned darts.
Erica the Fiery-Tempered comes into view.
She is wielding a +4 scimitar of flaming and carrying a wand of digging (1).
Erica casts a spell.
Erica flickers and vanishes for a moment.
You see here 2 poisoned darts.
The cyclops throws a large rock.
The large rock closely misses you.
An orc wizard comes into view. It is wielding a +0 dagger of venom.
Erica gestures at you while chanting.
You are confused.
You hear a shout!
You see here 12 gold pieces.
You now have 930 gold pieces (gained 12).
There are monsters nearby!
The orc wizard casts a spell.
The orc wizard flickers and vanishes for a moment.
The cyclops throws a large rock.
The large rock completely misses you.
The cyclops throws a large rock.
The large rock hits you!!!
Ouch! That really hurt!
You die...
Your body crumbles into a pile of gold.

...######.(..######
.......|#........[#
##......#.........# #
##......#.........# .#
........#.........#..#
...#....#.........#..#
.....................#
.....##..(.......o...#
.....##...(.....@....#
....................##
####....#..@C######.#
............. #
.......o##..C.
........##......
.o..............
....#. ..#....


You could see Erica (invisible), a cyclops, an orc wizard (invisible) and an
orc.

Vanquished Creatures
  Pikel (D:4)
  A kobold demonologist (D:8)
  A troll (D:8)
  A steam dragon (D:6)
  3 vampire mosquitoes (D:7)
  A water moccasin (D:8)
  2 black bears
  A sky beast (D:5)
  A necrophage (D:4)
  2 centaurs
  4 ogres
  A phantom (D:6)
  A kobold brigand (D:6)
  5 bullfrogs
  A wyvern zombie (D:5)
  A howler monkey (D:7)
  An electric eel (D:6)
  A centaur zombie (Ossuary)
  A human zombie (Ossuary)
  2 bullfrog skeletons
  A gnoll shaman (D:6)
  3 hounds
  3 iguanas
  4 orc wizards
  A killer bee zombie (D:6)
  A hound skeleton (D:4)
  6 mummies
  A howler monkey skeleton (D:5)
  3 gnolls (D:6)
  8 adders
  2 shadow imps (D:6)
  2 white imps (D:6)
  An ufetubus (D:7)
  6 dart slugs
  18 orcs
  7 bats
  7 endoplasms
  4 giant cockroaches
  A gnoll zombie (Ossuary)
  14 goblins
  5 hobgoblins
  6 jackals
  5 quokkas
  4 ball pythons
  4 frilled lizards
  A goblin zombie (Ossuary)
  2 hobgoblin zombies
  A jackal skeleton (D:4)
  17 kobolds
  2 kobold zombies (Ossuary)
  2 orc zombies
  5 rats
179 creatures vanquished.

Vanquished Creatures (others)
  A demonic plant (D:3)
  7 fungi (D:3)
  5 plants (D:3)
  4 toadstools (D:1)
  2 withered plants (D:3)
19 creatures vanquished.

Grand Total: 198 creatures vanquished

Notes
Turn   | Place    | Note
-------+----------+-------------------------------------------
     0 | D:1      | styxcanada the Spriggan Brigand began the quest for the
                  | Orb.
     0 | D:1      | Reached XP level 1. HP: 10/10 MP: 2/2
   122 | D:1      | Reached skill level 6 in Stealth
   150 | D:1      | Reached XP level 2. HP: 2/14 MP: 3/3
  1287 | D:2      | Reached XP level 3. HP: 16/18 MP: 4/4
  1424 | D:2      | Reached skill level 7 in Stealth
  1969 | D:2      | Reached XP level 4. HP: 23/23 MP: 5/5
  2763 | D:3      | Found a faded altar of an unknown god.
  3041 | D:3      | Reached skill level 1 in Spellcasting
  3320 | D:3      | Noticed a black bear
  3373 | D:3      | Killed a black bear
  3374 | D:3      | Reached skill level 8 in Stealth
  3374 | D:3      | Reached XP level 5. HP: 27/27 MP: 6/8
  3470 | D:4      | Found Gylust's Distillery.
  3485 | D:4      | Noticed a lemure
  3486 | D:4      | Noticed a lemure
  3486 | D:4      | Noticed a lemure
  3486 | D:4      | Noticed Pikel
  3487 | D:4      | Noticed a lemure
  3501 | D:4      | Found a runed translucent gate.
  3501 | D:4      | Found a runed translucent gate.
  3501 | D:4      | Found a runed translucent gate.
  3502 | D:4      | Found an opulent altar of Gozag.
  3503 | D:4      | Noticed cbfl8's ghost (weakling MiDe)
  3641 | D:4      | Reached XP level 6. HP: 22/32 MP: 9/9
  3648 | D:4      | Learned a level 6 spell: Invisibility
  3710 | D:4      | Killed Pikel
  3711 | D:4      | Reached skill level 9 in Stealth
  3711 | D:4      | Reached XP level 7. HP: 22/35 MP: 9/12
  3811 | D:4      | Bought a potion of degeneration for 13 gold pieces
  4446 | D:4      | Found a shadowy altar of Dithmenos.
  4558 | D:4      | Reached skill level 10 in Stealth
  4748 | D:4      | Became a worshipper of Gozag Ym Sagoz the Greedy
  4796 | D:5      | Entered Level 5 of the Dungeon
  4887 | D:5      | Reached skill level 1 in Hexes
  4924 | D:5      | Reached XP level 8. HP: 40/40 MP: 12/14
  5566 | D:5      | Reached skill level 1 in Slings
  5638 | D:5      | Reached skill level 11 in Stealth
  5951 | D:6      | Reached skill level 5 in Dodging
  5988 | D:6      | Found Vebbufymo's Antique Armour Boutique.
  6074 | D:6      | Reached skill level 1 in Evocations
  6397 | D:6      | Found a blossoming altar of Fedhas.
  6397 | D:6      | Found a white marble altar of Elyvilon.
  6742 | D:6      | Reached XP level 9. HP: 19/44 MP: 16/16
  6931 | D:6      | Reached skill level 5 in Short Blades
  7088 | D:6      | Reached skill level 5 in Spellcasting
  7511 | D:7      | Reached skill level 12 in Stealth
  7651 | D:7      | Found a sand-covered staircase.
  7657 | Ossuary  | Entered an ossuary
  9034 | D:8      | Noticed a kobold demonologist
  9064 | D:8      | Noticed a sixfirhy
  9068 | D:8      | Killed a kobold demonologist
  9088 | D:8      | Noticed a troll
  9089 | D:8      | Noticed a cyclops
  9093 | D:8      | Killed a troll
  9094 | D:8      | Reached skill level 5 in Throwing
  9099 | D:8      | Noticed Erica
  9111 | D:8      | Hit by a large rock thrown by a cyclops

Illustrated notes

Levels and vault maps discovered:
D:1:      ldierk_water_garden, layout_loops_cross, minmay_fountain_box,
          corner_web_ring
D:2:      layout_loops_ring, minmay_goblin_outpost
D:3:      layout_rooms, shapermc_ecumenical_altar_gd,
          kennysheep_cross_bottleneck, minmay_three_crescents
D:4:      layout_loops_ring, lemuel_round_altar, ebering_ghost_gozag,
          serial_shops, shop, uniq_pikel
D:5:      layout_cave_pools, kennysheep_generic_room_11
D:6:      cheibrodos_barr_body, layout_loops_ring,
          gammafunk_temple_overflow_elements, serial_shops, shop_statue,
          nicolae_water_bricks
D:7:      layout_basic, minmay_temple_entry_trees, nicolae_ossuary_entry_giza
D:8:      minmay_cut_squares, layout_basic, mainiacjoe_overflow_six_doors_small,
          uniq_erica

Skill      XL: |  1  2  3  4  5  6  7  8  9 |
---------------+----------------------------+-----
Stealth        | 6 7 8 9 10 11 12 | 12.4
Dodging        | 2 3 4 5 6 |  6.7
Fighting       | 2 3 |  3.5
Spellcasting   | 1 2 3 4 5 |  5.8
Short Blades   | 3 4 6 |  6.4
Throwing       | 3 4 5 |  5.0
Hexes          | 1 3 4 |  4.7
Slings         | 1 |  1.2
Evocations     | 2 4 |  4.2

Action                   |  1- 3 |  4- 6 |  7- 9 || total
-------------------------+-------+-------+-------++-------
Melee: Dagger            |    32 |       |       ||    32
       Short sword       |   104 |   101 |   421 ||   626
 Fire: Hunting sling     |       |     8 |    12 ||    20
Throw: Dart              |     5 |    47 |    94 ||   146
  Use: Scroll            |       |       |    17 ||    17
       Potion            |       |       |     1 ||     1
 Stab: Sleeping          |     7 |    15 |    29 ||    51
       Distracted        |       |     1 |     3 ||     4
Armor: Robe              |    19 |     4 |    17 ||    40
Dodge: Dodged            |    82 |    36 |   215 ||   333
